TOP OF THE 1ST |
Charleston Battery batting - Pitching for Northern Virginia Rainbow Mermaids : RHP Eddie Kop
|
Pitching: RHP Eddie Kop
|
|
Batting: RHB Mike Case
|
0-0: Foul Ball, location: 2F 0-1: Ball 1-1: DOUBLE (Line Drive, 9LM, EV 97.5 MPH)
|
Batting: LHB Datu Lesaca
|
0-0: Called Strike 0-1: Ball 1-1: Ball 2-1: Foul Ball, location: 2F 2-2: Ball 3-2: Reached via error on a dropped throw from 2B, E3 (Groundball, 4, EV 81.2 MPH) Mike Case to third
|
Batting: LHB Joey Coco
|
0-0: Called Strike 0-1: Ball Pickoff Throw by Catcher to First - Out! 1-1: Ball 2-1: Foul Ball, location: 2F 2-2: Fly out, F8 (Flyball, 8RM, EV 80.0 MPH) Runner from 3rd tags up, SCORES, throw by CF
|
Batting: SHB Jasper Morrison
|
0-0: Ball 1-0: Ball 2-0: Called Strike 2-1: Called Strike 2-2: Strikes out looking
|
Top of the 1st over - 1 run, 1 hit, 1 error, 0 left on base; Charleston 1 - Northern Virginia 0 |
BOTTOM OF THE 1ST |
Northern Virginia Rainbow Mermaids batting - Pitching for Charleston Battery : RHP Miguel Angel Martínez
|
Pitching: RHP Miguel Angel Martínez
|
|
Batting: LHB Tim Stinson
|
0-0: Called Strike 0-1: Foul Ball, location: 2F 0-2: Ball 1-2: Ball 2-2: Strikes out swinging, 2-3 out at first.
|
Batting: RHB Mario Castillo
|
0-0: Foul Ball, location: 2F 0-1: Hit by Pitch
|
Batting: LHB Tural Bishara
|
0-0: Foul Ball, location: 2F 0-1: Ball 1-1: Called Strike 1-2: SINGLE (Groundball, 6MD, EV 103.1 MPH) Mario Castillo to second Runner from 2nd tries for 3rd, SAFE, throw by CF made to third
|
Batting: SHB Lupo Cotto
|
0-0: Ball 1-0: Ball 2-0: Ball 3-0: Base on Balls Tural Bishara to second
|
Batting: LHB Ryder Ringor
|
0-0: Foul Ball, location: 2F 0-1: Ball 1-1: Grounds into double play, 3-6-3 (Groundball, 34, EV 106.2 MPH)
|
Bottom of the 1st over - 0 runs, 1 hit, 0 errors, 2 left on base; Charleston 1 - Northern Virginia 0 |
TOP OF THE 2ND |
Charleston Battery batting - Pitching for Northern Virginia Rainbow Mermaids : RHP Eddie Kop
|
Batting: LHB Spencer Powell
|
0-0: Called Strike 0-1: SINGLE (Line Drive, 8LS, EV 96.2 MPH)
|
Batting: RHB Paco Muńóz
|
0-0: Called Strike 0-1: Ball 1-1: Called Strike 1-2: Ball 2-2: Foul Ball, location: 2F 2-2: Fielders Choice at 2nd, 3-6 (Groundball, 3, EV 80.6 MPH)
|
Batting: RHB Moriz Ayushiev
|
0-0: Ball 1-0: Fly out, F8 (Line Drive, 8RM, EV 97.5 MPH)
|
Batting: RHB Torajiro Ogawa
|
0-0: Ground out U3 (Groundball, 3L, EV 109.4 MPH)
|
Top of the 2nd over - 0 runs, 1 hit, 0 errors, 1 left on base; Charleston 1 - Northern Virginia 0 |
BOTTOM OF THE 2ND |
Northern Virginia Rainbow Mermaids batting - Pitching for Charleston Battery : RHP Miguel Angel Martínez
|
Batting: RHB Phil McCroskey
|
0-0: Ball 1-0: Called Strike 1-1: Swinging Strike 1-2: Fly out, F9 (Flyball, 9D, EV 98.8 MPH)
|
Batting: RHB Eric Deweese
|
0-0: Swinging Strike 0-1: Swinging Strike 0-2: Ball 1-2: Strikes out swinging
|
Batting: LHB Jim Brown
|
0-0: Called Strike 0-1: Swinging Strike 0-2: Ball 1-2: Ball 2-2: Ground out 4-3 (Groundball, 4S, EV 65.6 MPH)
|
Bottom of the 2nd over - 0 runs, 0 hits, 0 errors, 0 left on base; Charleston 1 - Northern Virginia 0 |
TOP OF THE 3RD |
Charleston Battery batting - Pitching for Northern Virginia Rainbow Mermaids : RHP Eddie Kop
|
Batting: RHB Mikko Haataja
|
0-0: SINGLE (Line Drive, 8RS, EV 97.5 MPH)
|
Batting: RHB Mike Case
|
0-0: Ball 1-0: Ball 2-0: Foul Ball, location: 2F 2-1: SINGLE (Line Drive, 89S, EV 88.1 MPH) Mikko Haataja to second Runner from 2nd tries for 3rd, SAFE, throw by RF made to third
|
Batting: LHB Datu Lesaca
|
0-0: Ball 1-0: Ball 2-0: Fielders Choice at 2nd, 4-6 (Groundball, 4, EV 80.6 MPH) Mikko Haataja scores
|
Batting: LHB Joey Coco
|
0-0: Ball 1-0: Swinging Strike 1-1: Ball 2-1: Called Strike 2-2: Strikes out looking
|
Batting: SHB Jasper Morrison
|
0-0: Ground out 4-3 (Groundball, 4, EV 90.6 MPH)
|
Top of the 3rd over - 1 run, 2 hits, 0 errors, 1 left on base; Charleston 2 - Northern Virginia 0 |
BOTTOM OF THE 3RD |
Northern Virginia Rainbow Mermaids batting - Pitching for Charleston Battery : RHP Miguel Angel Martínez
|
Batting: RHB Tony Calhoun
|
0-0: Ball 1-0: Foul Ball, location: 2F 1-1: Ball 2-1: Called Strike 2-2: Ground out 5-3 (Groundball, 56, EV 89.4 MPH)
|
Batting: LHB Tim Stinson
|
0-0: Ball 1-0: Ball 2-0: SINGLE (Flyball, 7S, EV 87.5 MPH)
|
Batting: RHB Mario Castillo
|
0-0: Ball 1-0: Swinging Strike 1-1: Foul Ball, location: 2F 1-2: Strikes out swinging
|
Batting: LHB Tural Bishara
|
0-0: Foul Ball, location: 2F 0-1: Ball 1-1: Ball 2-1: Foul Ball, location: 2F 2-2: Ground out 4-3 (Groundball, 34, EV 88.1 MPH)
|
Bottom of the 3rd over - 0 runs, 1 hit, 0 errors, 1 left on base; Charleston 2 - Northern Virginia 0 |
TOP OF THE 4TH |
Charleston Battery batting - Pitching for Northern Virginia Rainbow Mermaids : RHP Eddie Kop
|
Batting: LHB Spencer Powell
|
0-0: Ball 1-0: Ball 2-0: Called Strike 2-1: Ground out 6-3 (Groundball, 6, EV 86.2 MPH)
|
Batting: RHB Paco Muńóz
|
0-0: Ball 1-0: Ground out 5-3 (Groundball, 56S, EV 85.0 MPH)
|
Batting: RHB Moriz Ayushiev
|
0-0: Called Strike 0-1: Swinging Strike 0-2: Foul Ball, location: 2F 0-2: Ball 1-2: Strikes out looking
|
Top of the 4th over - 0 runs, 0 hits, 0 errors, 0 left on base; Charleston 2 - Northern Virginia 0 |
BOTTOM OF THE 4TH |
Northern Virginia Rainbow Mermaids batting - Pitching for Charleston Battery : RHP Miguel Angel Martínez
|
Batting: SHB Lupo Cotto
|
0-0: Ball 1-0: Ball 2-0: Ground out 4-3 (Groundball, 4, EV 96.9 MPH)
|
Batting: LHB Ryder Ringor
|
0-0: Ball 1-0: Ball 2-0: Ball 3-0: Called Strike 3-1: Foul Ball, location: 2F 3-2: Foul Ball, location: 2F 3-2: Base on Balls
|
Batting: RHB Phil McCroskey
|
0-0: Swinging Strike 0-1: Ball 1-1: Ball 2-1: Ball 3-1: Base on Balls Ryder Ringor to second
|
Batting: RHB Eric Deweese
|
0-0: Swinging Strike 0-1: Ball 1-1: Reached on error, E6 (Groundball, 6S, EV 65.0 MPH) Ryder Ringor scores Phil McCroskey to third
|
Batting: LHB Jim Brown
|
0-0: Ball 1-0: Swinging Strike 1-1: Ball 2-1: Ball 3-1: Base on Balls
|
Batting: RHB Tony Calhoun
|
0-0: Ball 1-0: Swinging Strike 1-1: Foul Ball, location: 2F 1-2: Strikes out swinging
|
Batting: LHB Tim Stinson
|
0-0: Called Strike 0-1: Ball 1-1: Ball 2-1: Foul Ball, location: 2F 2-2: Ground out 4-3 (Groundball, 4, EV 103.8 MPH)
|
Bottom of the 4th over - 1 run, 0 hits, 1 error, 3 left on base; Charleston 2 - Northern Virginia 1 |
TOP OF THE 5TH |
Charleston Battery batting - Pitching for Northern Virginia Rainbow Mermaids : RHP Eddie Kop
|
Batting: RHB Torajiro Ogawa
|
0-0: Called Strike 0-1: Foul Ball, location: 2F 0-2: Ball 1-2: Ground out 1-3 (Groundball, 13S, EV 61.9 MPH)
|
Batting: RHB Mikko Haataja
|
0-0: Ground out 6-3 (Groundball, 6MD, EV 105.0 MPH)
|
Batting: RHB Mike Case
|
0-0: Foul Ball, location: 2F 0-1: Foul Ball, location: 2F 0-2: Ball 1-2: Ball 2-2: Strikes out swinging
|
Top of the 5th over - 0 runs, 0 hits, 0 errors, 0 left on base; Charleston 2 - Northern Virginia 1 |
BOTTOM OF THE 5TH |
Northern Virginia Rainbow Mermaids batting - Pitching for Charleston Battery : RHP Miguel Angel Martínez
|
Batting: RHB Mario Castillo
|
0-0: Ball 1-0: Fly out, F7 (Flyball, 7S, EV 81.2 MPH)
|
Batting: LHB Tural Bishara
|
0-0: SINGLE (Groundball, 6D, EV 96.9 MPH)
|
Batting: SHB Lupo Cotto
|
0-0: Ball 1-0: Called Strike 1-1: Swinging Strike 1-2: Ball 2-2: Strikes out swinging
|
Batting: LHB Ryder Ringor
|
0-0: Called Strike 0-1: Ball 1-1: Ball 2-1: Foul Ball, location: 2F 2-2: Foul Ball, location: 2F 2-2: Fly out, F8 (Flyball, 78M, EV 91.9 MPH)
|
Bottom of the 5th over - 0 runs, 1 hit, 0 errors, 1 left on base; Charleston 2 - Northern Virginia 1 |
TOP OF THE 6TH |
Charleston Battery batting - Pitching for Northern Virginia Rainbow Mermaids : RHP Eddie Kop
|
Batting: LHB Datu Lesaca
|
0-0: Ball 1-0: Ball 2-0: Called Strike 2-1: Foul Ball, location: 2F 2-2: Ground out 3-1 (Groundball, 34, EV 81.2 MPH)
|
Batting: LHB Joey Coco
|
0-0: Called Strike 0-1: DOUBLE (Flyball, 8RXD, EV 89.4 MPH)
|
Batting: SHB Jasper Morrison
|
0-0: Called Strike 0-1: Ball 1-1: Ball 2-1: Fly out, F6 (Flyball, 56D, EV 90.6 MPH)
|
Batting: LHB Spencer Powell
|
0-0: Fly out, F9 (Flyball, 9D, EV 86.2 MPH)
|
Top of the 6th over - 0 runs, 1 hit, 0 errors, 1 left on base; Charleston 2 - Northern Virginia 1 |
BOTTOM OF THE 6TH |
Northern Virginia Rainbow Mermaids batting - Pitching for Charleston Battery : RHP Miguel Angel Martínez
|
Batting: RHB Phil McCroskey
|
0-0: Called Strike 0-1: Called Strike 0-2: Ball 1-2: Strikes out swinging
|
Batting: RHB Eric Deweese
|
0-0: Ball 1-0: Called Strike 1-1: Swinging Strike 1-2: Strikes out swinging
|
Batting: LHB Jim Brown
|
0-0: Ball 1-0: Ball 2-0: Ground out 6-3 (Groundball, 6M, EV 87.5 MPH)
|
Bottom of the 6th over - 0 runs, 0 hits, 0 errors, 0 left on base; Charleston 2 - Northern Virginia 1 |
TOP OF THE 7TH |
Charleston Battery batting - Pitching for Northern Virginia Rainbow Mermaids : RHP Eddie Kop
|
Batting: RHB Paco Muńóz
|
0-0: Ball 1-0: Ball 2-0: Ball 3-0: Ground out 6-3 (Groundball, 6, EV 101.9 MPH)
|
Batting: RHB Moriz Ayushiev
|
0-0: Ground out 4-3 (Groundball, 4, EV 103.1 MPH)
|
Batting: RHB Torajiro Ogawa
|
0-0: Foul Ball, location: 2F 0-1: SINGLE (Line Drive, 3D, EV 95.6 MPH)
|
Batting: RHB Mikko Haataja
|
0-0: Called Strike 0-1: DOUBLE (Line Drive, 8LXD, EV 104.4 MPH) Torajiro Ogawa to third Runner from 3rd tries for Home, throw by CF and OUT! 8-6-2
|
Top of the 7th over - 0 runs, 2 hits, 0 errors, 1 left on base; Charleston 2 - Northern Virginia 1 |
BOTTOM OF THE 7TH |
Northern Virginia Rainbow Mermaids batting - Pitching for Charleston Battery : RHP Miguel Angel Martínez
|
Pitching: RHP Fernando Varela
|
|
Batting: RHB Tony Calhoun
|
0-0: Ball 1-0: Ground out U3 (Groundball, 3, EV 103.8 MPH)
|
Batting: LHB Tim Stinson
|
0-0: Ball 1-0: Foul Ball, location: 2F 1-1: Ball 2-1: Ball 3-1: Foul Ball, location: 2F 3-2: Fly out, F8 (Line Drive, 8RM, EV 96.9 MPH)
|
Batting: RHB Mario Castillo
|
0-0: Foul Ball, location: 2F 0-1: Fly out, F8 (Flyball, 89D, EV 90.6 MPH)
|
Bottom of the 7th over - 0 runs, 0 hits, 0 errors, 0 left on base; Charleston 2 - Northern Virginia 1 |
TOP OF THE 8TH |
Charleston Battery batting - Pitching for Northern Virginia Rainbow Mermaids : RHP Eddie Kop
|
Batting: RHB Mike Case
|
0-0: Ground out 6-3 (Groundball, 6, EV 90.6 MPH)
|
Batting: LHB Datu Lesaca
|
0-0: Foul Ball, location: 2F 0-1: Ground out 1-3 (Groundball, 34S, EV 91.2 MPH)
|
Batting: LHB Joey Coco
|
0-0: Ball 1-0: Foul Ball, location: 2F 1-1: Ball 2-1: Fly out, F8 (Line Drive, 8LM, EV 94.4 MPH)
|
Top of the 8th over - 0 runs, 0 hits, 0 errors, 0 left on base; Charleston 2 - Northern Virginia 1 |
BOTTOM OF THE 8TH |
Northern Virginia Rainbow Mermaids batting - Pitching for Charleston Battery : RHP Fernando Varela
|
Batting: LHB Tural Bishara
|
0-0: Swinging Strike 0-1: Ball 1-1: Foul Ball, location: 2F 1-2: Strikes out looking
|
Batting: SHB Lupo Cotto
|
0-0: Ground out 4-3 (Groundball, 4M, EV 105.0 MPH)
|
Batting: LHB Ryder Ringor
|
0-0: Ball 1-0: Ball 2-0: Called Strike 2-1: Called Strike 2-2: Ground out 6-3 (Groundball, 6MD, EV 81.9 MPH)
|
Bottom of the 8th over - 0 runs, 0 hits, 0 errors, 0 left on base; Charleston 2 - Northern Virginia 1 |
TOP OF THE 9TH |
Charleston Battery batting - Pitching for Northern Virginia Rainbow Mermaids : RHP Eddie Kop
|
Batting: SHB Jasper Morrison
|
0-0: Called Strike 0-1: Called Strike 0-2: Ball 1-2: Ball 2-2: Fly out, F7 (Line Drive, 7, EV 108.8 MPH)
|
Batting: LHB Spencer Powell
|
0-0: Swinging Strike 0-1: Ball 1-1: Ground out U3 (Groundball, 3S, EV 86.2 MPH)
|
Batting: RHB Paco Muńóz
|
0-0: Ball 1-0: Ball 2-0: Called Strike 2-1: Ball 3-1: Fly out, F9 (Flyball, 89S, EV 88.1 MPH)
|
Top of the 9th over - 0 runs, 0 hits, 0 errors, 0 left on base; Charleston 2 - Northern Virginia 1 |
BOTTOM OF THE 9TH |
Northern Virginia Rainbow Mermaids batting - Pitching for Charleston Battery : RHP Fernando Varela
|
Pitching: RHP Kenete Daku
|
|
Batting: RHB Phil McCroskey
|
0-0: Ball 1-0: Swinging Strike 1-1: Ball 2-1: Ground out 5-3 (Groundball, 5S, EV 83.1 MPH)
|
Pinch Hitting: RHB Jesús Vargas
|
0-0: Ground out 6-3 (Groundball, 6, EV 93.8 MPH)
|
Batting: LHB Jim Brown
|
0-0: Foul Ball, location: 2F 0-1: Called Strike 0-2: Ball 1-2: Ball 2-2: Strikes out swinging
|
Bottom of the 9th over - 0 runs, 0 hits, 0 errors, 0 left on base; Charleston 2 - Northern Virginia 1 |
|